 Dungeon Crawl Stone Soup version 0.27.0-1-g7a089689b8 (webtiles) character file.

Game seed: 11881389560731059269

112 Acheron the Ducker (level 4, -1/40 HPs)
             Began as a Troll Air Elementalist on Aug 11, 2021.
             Was a Plaything of Xom.
             Slain by a black bear (6 damage)
             ... on level 3 of the Dungeon.
             The game lasted 00:12:14 (1917 turns).

Acheron the Ducker (Troll Air Elementalist)         Turns: 1917, Time: 00:12:17

Health: -1/40      AC:  5    Str: 15 (16) XL:     4   Next: 63%
Magic:  4/5        EV: 10    Int: 11      God:    Xom [*.....]
Gold:   55         SH:  0    Dex: 11      Spells: 5/6 levels left

rFire    . . .     SeeInvis .     - Unarmed
rCold    . . .     Faith    .   (no shield)
rNeg     . . .     Spirit   .   a - +0 robe
rPois    .         Reflect  .   (helmet restricted)
rElec    .         Harm     .   m - +0 cloak
rCorr    .         Rampage  .   (gloves unavailable)
Will     .....                  (boots unavailable)
Stlth    +.........             f - amulet of the acrobat
HPRegen  1.13/turn              (no ring)
MPRegen  0.09/turn              (no ring)

@: no status effects
A: large, unfitting armour, claws 3, regeneration 1, shaggy fur 1, tough skin 1
a: Renounce Religion


You were on level 3 of the Dungeon.
You worshipped Xom.
You were a special plaything of Xom.
You visited 1 branch of the dungeon, and saw 4 of its levels.

You collected 55 gold pieces.

Inventory:

Hand Weapons
 b - a +4 dagger
Missiles
 g - 4 curare-tipped darts (quivered)
 h - 13 poisoned darts
 l - 5 silver boomerangs
Armour
 a - a +0 robe (worn)
 m - a +0 cloak (worn)
Jewellery
 f - an amulet of the acrobat (around neck)
Scrolls
 d - a scroll of acquirement {unknown}
 j - 2 scrolls of identify {unknown}
Potions
 c - 2 potions of lignification {unknown}
 e - a potion of berserk rage {unknown}
 i - a potion of flight {unknown}


   Skills:
 * Level 0.9 Fighting
 * Level 2.5 Dodging
 * Level 1.1 Stealth
 * Level 1.7 Unarmed Combat
 * Level 1.5 Spellcasting
 * Level 1.2 Conjurations
 + Level 2.2 Air Magic


You had 5 spell levels left.
You knew the following spells:

 Your Spells              Type           Power      Damage    Failure   Level
a - Shock                 Conj/Air       16%        1d4       16%         1

Your spell library contained the following spells:

 Spells                   Type           Power      Damage    Failure   Level
 Static Discharge         Conj/Air       4%         N/A       22%         2
 Corpse Rot               Necr/Air       N/A        N/A       30%         2
 Poisonous Vapours        Pois/Air       6%         N/A       30%         2
 Swiftness                Air            5%         N/A       36%         3
 Gell's Gravitas          Tloc           0%         N/A       67%         3
 Teleport Other           Tloc           0%         N/A       67%         3
 Airstrike                Air            2%         N/A       77%         4
 Freezing Cloud           Conj/Ice/Air   1%         6-21      99%         5
 Dispersal                Tloc           0%         N/A       100%        6


Dungeon Overview and Level Annotations

Branches:
Dungeon (4/15)
 Temple: D:4-7

Altars:
Xom


Innate Abilities, Weirdness & Mutations

You are too large for most types of armour.
You have claws for hands.
Your natural rate of healing is unusually fast.
You are covered in fur. (AC +1)
You have tough skin. (AC +1)


Message History

The black bear barely misses you. The goblin hits you with a +0 club.
You climb upwards.
There is a stone staircase leading down here.
You claw the black bear!
The black bear is moderately wounded.
The black bear bites you but does no damage.
The black bear claws you but does no damage.
The black bear misses you. The goblin hits you with a +0 club.
You scratch the black bear.
The black bear is heavily wounded.
The black bear bites you.
The black bear claws you but does no damage.
The black bear claws you. The goblin hits you with a +0 club.
You claw the black bear!
The black bear is almost dead.
The black bear goes berserk!
The goblin hits you but does no damage.
You barely miss the black bear.
The black bear is severely wounded.
The black bear misses you.
The black bear claws you but does no damage.
The black bear completely misses you. The goblin hits you but does no damage.
You scratch the black bear.
The black bear is almost dead.
The black bear bites you!
The black bear claws you but does no damage.
The black bear barely misses you. The black bear bites you!
* * * LOW HITPOINT WARNING * * *
The black bear barely misses you. The black bear claws you.
* * * LOW HITPOINT WARNING * * *
The goblin barely misses you.
Okay, then.
Casting: Shock (safe; 16% risk of failure)
Confirm with . or Enter, or press ? or * to list all spells.
Aiming: Shock (safe; 16% risk of failure)
Press: ? - help, Shift-Dir - straight line The zap hits the black bear but does no damage.
The black bear is almost dead.
The black bear bites you but does no damage.
The black bear completely misses you. The black bear claws you.
You die...

####### .......
.......
##....... ####
#g..[# #..# #@#
##.### #h#
#...# ###.#
###.## #...#
#..########.###
##.....##...#
#####.....#####
###.........
#..........


You could see a black bear (berserk) and a goblin.

Vanquished Creatures
  4 adders
  A gnoll (D:3)
  3 dart slugs (D:2)
  2 endoplasms
  3 giant cockroaches
  4 goblins
  2 hobgoblins
  10 jackals (D:2)
  5 quokkas
  4 ball pythons
  5 bats
  5 frilled lizards
  4 kobolds
  8 rats
60 creatures vanquished.

Vanquished Creatures (others)
  A fungus (D:2)
  6 plants (D:2)
7 creatures vanquished.

Grand Total: 67 creatures vanquished

Notes
Turn   | Place    | Note
-------+----------+-------------------------------------------
     0 | D:1      | Acheron the Troll Air Elementalist began the quest for the
                  | Orb.
     0 | D:1      | Reached XP level 1. HP: 16/16 MP: 1/1
   325 | D:3      | Reached XP level 2. HP: 26/26 MP: 2/2
   331 | D:4      | Noticed a black bear
   386 | D:2      | Reached skill level 1 in Conjurations
   392 | D:2      | Reached XP level 3. HP: 32/32 MP: 3/3
   557 | D:2      | Reached skill level 1 in Unarmed Combat
   870 | D:2      | Found a faded altar of an unknown god.
   874 | D:2      | Became a worshipper of Xom of Chaos
   908 | D:2      | Reached XP level 4. HP: 33/40 MP: 5/5
  1319 | D:1      | XOM: noise
  1398 | D:2      | XOM is BORED!
  1398 | D:2      | XOM: summons 3 hostile demons
  1655 | D:2      | XOM: noise
  1779 | D:3      | XOM: stat loss: -1 Str (15/16)
  1917 | D:3      | Slain by a black bear

Illustrated notes

Levels and vault maps discovered:
D:1:      evilmike_arrival_fibonacci_small, layout_basic, minmay_tromino_mix6
D:2:      layout_basic, shapermc_ecumenical_altar_mp_ritualfount
D:3:      layout_rooms, chequers_serial_rivers_marsh
D:4:      layout_rooms, tso_metal_star, moated_statue

Skill      XL: |  1  2  3 |
---------------+----------+-----
Dodging        | 2 |  2.5
Conjurations   | 1 |  1.2
Unarmed Combat | 1 |  1.7
Fighting       | |  0.9
Stealth        | |  1.1
Spellcasting   | |  1.5
Air Magic      | |  2.2

Action                   |  1- 3 |  4- 6 || total
-------------------------+-------+-------++-------
Melee: Unarmed           |   111 |   107 ||   218
 Cast: Shock             |     1 |     1 ||     2
  Use: Scroll            |       |     1 ||     1
 Stab: Sleeping          |     1 |       ||     1
Armor: Robe              |    53 |    56 ||   109
Dodge: Dodged            |    91 |    82 ||   173
